 Dungeon Crawl Stone Soup version 0.30.0 (webtiles) character file.

Game seed: 17390721415197594802

165 PiratePeteNZ the Chopper (level 5, 0/46 HPs)
             Began as a Hill Orc Fighter on May 20, 2023.
             Slain by an ogre
             ... wielding a +0 giant spiked club
              (3 damage)
             ... on level 4 of the Dungeon.
             The game lasted 00:08:52 (2455 turns).

PiratePeteNZ the Chopper (Hill Orc Fighter)         Turns: 2455, Time: 00:08:52

Health: 0/46       AC: 11    Str: 21    XL:     5   Next: 46%
Magic:  5/5        EV:  9    Int:  8    God:
Gold:   65         SH:  6    Dex: 16    Spells: 2/4 levels left

rFire   . . .        a - +2 war axe (elec)
rCold   . . .        c - +1 buckler
rNeg    . . .        b - +0 scale mail
rPois   .            (no helmet)
rElec   .            (no cloak)
rCorr   .            (no gloves)
SInv    .            (no boots)
Will    .....        (no amulet) Stlth
                     m - +6 ring of dexterity
HPRegen 0.27/turn    p - +4 ring of protection
MPRegen 0.09/turn

%: no passive effects
@: no status effects
A: no striking features
a: no special abilities


You were on level 4 of the Dungeon.
You visited 1 branch of the dungeon, and saw 4 of its levels.

You collected 200 gold pieces.
You spent 135 gold pieces at shops.

Inventory:

Hand Weapons
 a - a +2 war axe of electrocution (weapon)
Armour
 b - a +0 scale mail (worn)
 c - a +1 buckler (worn)
Jewellery
 l - a ring of poison resistance
 m - a +6 ring of dexterity (left hand)
 p - a +4 ring of protection (right hand)
Scrolls
 f - 2 scrolls of immolation
 j - a scroll of vulnerability
 k - a scroll of fog {unknown}
 n - a scroll of butterflies {unknown}
Potions
 d - a potion of might
 i - 2 potions of curing


   Skills:
 * Level 4.2 Fighting
 * Level 5.5 Axes
 + Level 3.9 Armour
 + Level 0.2 Dodging
 + Level 4.0 Shields


You had 2 spell levels left.
You knew the following spells:

 Your Spells              Type           Power      Damage    Failure   Level
a - Magic Dart            Conj           0%         1d3       80%         1
b - Necrotise             Necr           0%         1d4       80%         1

Your spell library contained the following spells:

 Spells                   Type           Power      Damage    Failure   Level
 Blink                    Tloc           0%         N/A       91%         2
 Call Imp                 Summ           0%         N/A       91%         2
 Ensorcelled Hibernation  Hex/Ice        0%         N/A       91%         2
 Lesser Beckoning         Tloc           0%         N/A       91%         2
 Momentum Strike          Conj/Tloc      0%         3d8       91%         2
 Inner Flame              Hex/Fire       0%         N/A       99%         3
 Mephitic Cloud           Conj/Pois/Air  0%         N/A       99%         3
 Spider Form              Tmut/Pois      0%         N/A       99%         3
 Anguish                  Hex/Necr       0%         N/A       100%        4
 Yara's Violent Unravell  Hex/Tmut       0%         3d3       100%        5
 Enfeeble                 Hex            0%         N/A       100%        7


Dungeon Overview and Level Annotations

Branches:
Dungeon (4/15)
 Temple: D:4-7

Altars:
Nemelex Xobeh
Xom

Shops:
D:2 ?

Annotations:
D:3 2 runed translucent doors, JaredAshtonScott's ghost, amateur HuFi


Message History

You slash the ogre!
The ogre is heavily wounded.
The ogre hits you with a +0 giant spiked club!
* * * LOW HITPOINT WARNING * * *
As you read the scroll of fear, it crumbles to dust.
You assume a fearsome visage.
The ogre looks frightened!
There is a stone staircase leading up here.
You climb upwards.
Level annotation: 2 runed translucent doors, JaredAshtonScott's ghost, amateur HuFi
There is a stone staircase leading down here.
HP restored.
JaredAshtonScott's ghost turns its malevolent gaze towards you.
JaredAshtonScott's ghost screams, "I'll kill anyone who wants the ORB!"
Key pressed, stopping travel.
There is a stone staircase leading down here.
You climb downwards.
There is a stone staircase leading up here.
As you read the scroll labelled SARO VYBLO, it crumbles to dust.
It is a scroll of brand weapon.
Your +0 war axe crackles with electricity.
a - a +0 war axe of electrocution (weapon)
As you read the scroll of enchant weapon, it crumbles to dust.
Your +0 war axe of electrocution glows red for a moment.
As you read the scroll of enchant weapon, it crumbles to dust.
Your +1 war axe of electrocution glows red for a moment.
The ogre shouts!
As you read the scroll of enchant armour, it crumbles to dust.
Your +0 buckler glows green for a moment.
You slash the ogre! Lightning courses through the ogre!
The ogre is severely wounded.
The ogre hits you with a +0 giant spiked club!!
Ouch! That really hurt!
You closely miss the ogre.
The ogre is severely wounded.
The ogre hits you with a +0 giant spiked club!
* * * LOW HITPOINT WARNING * * *
You hit the ogre.
The ogre is almost dead.
The ogre hits you with a +0 giant spiked club.
You die...

#.## ######### ..
#..#######.......###..
#.....................
###....................
#.###....# ##...........#
#..!O....# #............#
##...##..###........<...#
#... ##..##...........##
#.. #....O@..[......##..
#.. #....................
.. #...............##.⌠.
. #.............^## ...
#...............# .⌠
##................ #
##.............###
#.............#
#.......(....##


You could see an ogre.

Vanquished Creatures
  A phantom (D:3)
  3 adders
  A worm (D:2)
  2 orcs
  2 ball pythons (D:1)
  6 endoplasms
  3 giant cockroaches
  7 goblins
  6 hobgoblins
  7 kobolds
  3 quokkas
  10 bats
  4 frilled lizards
  A rat (D:1)
56 creatures vanquished.

Notes
Turn   | Place    | Note
-------+----------+-------------------------------------------
     0 | D:1      | PiratePeteNZ the Hill Orc Fighter began the quest for the
                  | Orb.
     0 | D:1      | Reached XP level 1. HP: 19/19 MP: 1/1
    73 | D:1      | Reached XP level 2. HP: 26/27 MP: 2/2
   102 | D:1      | Found a faded altar of an unknown god.
   117 | D:1      | Got Plato's Elucidation of the Charnel House
   230 | D:1      | Learned a level 1 spell: Magic Dart
   448 | D:1      | Reached skill level 3 in Axes
   694 | D:2      | Reached XP level 3. HP: 27/33 MP: 3/3
   698 | D:2      | Learned a level 1 spell: Necrotise
  1170 | D:2      | Found Terys's Magic Scroll Shop.
  1178 | D:2      | Bought a scroll of identify for 20 gold pieces
  1178 | D:2      | Bought a scroll of identify for 20 gold pieces
  1178 | D:2      | Bought a scroll of identify for 20 gold pieces
  1222 | D:2      | Reached skill level 4 in Axes
  1222 | D:2      | Reached XP level 4. HP: 36/39 MP: 4/4
  1347 | D:3      | Found a large runed translucent door.
  1347 | D:3      | Found a large runed translucent door.
  1356 | D:3      | Noticed JaredAshtonScott's ghost (amateur HuFi)
  1549 | D:3      | Found a sparkling altar of Nemelex Xobeh.
  1562 | D:3      | Found a shimmering altar of Xom.
  1661 | D:3      | Noticed a phantom
  1677 | D:3      | Killed a phantom
  1678 | D:3      | Reached skill level 5 in Axes
  1678 | D:3      | Reached XP level 5. HP: 34/46 MP: 5/5
  2146 | D:2      | Bought a scroll of enchant armour for 75 gold pieces
  2190 | D:4      | Noticed an ogre
  2455 | D:4      | Slain by an ogre

Illustrated notes

Levels and vault maps discovered:
D:1:      lemuel_arrival_rhombus, layout_loops_ring,
          shapermc_ecumenical_altar_rom_forum
D:2:      layout_rooms, serial_shops, shop, grunt_ministairs_11
D:3:      layout_loops_ring, amethyst_overflow_temple_binary, serial_rivers,
          chequers_serial_rivers_micro_b, chequers_serial_rivers_small_a,
          chequers_serial_rivers_small_b, chequers_serial_rivers_small_b,
          ebering_ghost_disaster_area
D:4:      layout_layer_cave, temple_fountains

Skill      XL: |  1  2  3  4 |
---------------+-------------+-----
Fighting       | 4 |  4.2
Axes           | 3 4 5 |  5.5
Shields        | 4 |  4.0
Armour         | |  3.9
Dodging        | |  0.2

Action                     |  1- 3 |  4- 6 || total
---------------------------+-------+-------++-------
  Melee: War axe           |   126 |    63 ||   189
   Cast: Magic Dart        |     1 |       ||     1
    Use: Scroll            |     3 |     7 ||    10
 Armour: Scale mail        |    68 |    17 ||    85
  Dodge: Dodged            |    67 |    23 ||    90
  Block: Buckler           |    28 |    19 ||    47
